 Dungeon Crawl Stone Soup version 0.21.0-22-g11d5b5247c (webtiles) character file.

2557 Livsi the Carver (level 9, -10/74 HPs)
             Began as a Human Fighter on Jan 19, 2018.
             Mangled by FortKnight's ghost (13 damage)
             ... on level 7 of the Dungeon.
             The game lasted 00:37:37 (6855 turns).

Livsi the Carver (Human Fighter)                    Turns: 6855, Time: 00:37:40

Health: -10/74     AC: 14    Str: 25    XL:     9   Next: 86%
Magic:  9/9        EV:  8    Int:  9    God:    Xom [.....*]
Gold:   259        SH: 11    Dex: 12    Spells: 8/8 levels left

rFire    . . .     SeeInvis .   a - +4 long sword
rCold    . . .     Gourm    .   c - +0 shield
rNeg     . . .     Faith    .   s - +0 plate armour
rPois    +         Spirit   .   (no helmet)
rElec    .         Reflect  .   (no cloak)
rCorr    .         Harm     .   (no gloves)
MR       .....                  b - +0 pair of boots
Stlth    ..........             (no amulet)
HPRegen  0.22/turn              e - ring of poison resistance
MPRegen  0.11/turn              j - +2 ring of evasion

@: mighty
A: robust 1, shaggy fur 1
a: Renounce Religion


You were on level 7 of the Dungeon.
You worshipped Xom.
You were Xom's teddy bear.
You were not hungry.

You visited 1 branch of the dungeon, and saw 7 of its levels.
You also visited: Ossuary.

You collected 259 gold pieces.

Inventory:

Hand Weapons
 a - a +4 long sword (weapon)
Armour
 b - a +0 pair of boots (worn)
 c - a +0 shield (worn)
 s - a +0 plate armour (worn)
Jewellery
 e - a ring of poison resistance (left hand)
 g - an uncursed ring of ice
 i - an uncursed amulet of magic regeneration
 j - a +2 ring of evasion (right hand)
 p - a cursed -3 ring of evasion
Wands
 k - a wand of disintegration (11)
Scrolls
 h - 3 scrolls of remove curse
 m - 3 scrolls of teleportation
 q - 2 scrolls of amnesia
 r - a scroll of fog
 t - 2 scrolls of identify
Potions
 d - 2 potions of might
 l - a potion of invisibility
Books
 n - a book of Conjurations

   Spells                             Type                      Level
   a - Magic Dart                     Conjuration                  1
   b - Searing Ray                    Conjuration                  2
   c - Dazzling Spray                 Conjuration/Hexes            3
   d - Fulminant Prism                Conjuration/Hexes            4
   e - Force Lance                    Conjuration/Translocation    4
   f - Iskenderun's Mystic Blast      Conjuration                  4
Comestibles
 f - 3 rations


   Skills:
 + Level 5.4 Fighting
 + Level 8.7 Long Blades
 + Level 5.7 Armour
 + Level 2.1 Dodging
 + Level 0.7 Stealth
 + Level 6.7 Shields


You had 8 spell levels left.
You didn't know any spells.

Dungeon Overview and Level Annotations

Branches:
Dungeon (7/15)             Temple (0/1) D:4

Altars:
Ashenzari
Cheibriados
Elyvilon
Gozag
Okawaru
Qazlal
Ru
Vehumet
Xom
Yredelemnul
Zin
The Shining One

Shops:
D:5 *   D:7 (

Annotations:
D:7 FortKnight's ghost, novice TrBe


Innate Abilities, Weirdness & Mutations

You are robust. (+10% HP)
You are covered in fur. (AC +1)


Message History

You block the centaur's attack.
You feel much better.
Xom smirks.
You detect items!
FortKnight's ghost hits you.
* * * LOW HITPOINT WARNING * * *
You block the centaur's attack. FortKnight's ghost hits you!!
* * * LOW HITPOINT WARNING * * *
The centaur barely misses you.
Found an escape hatch in the floor.
The centaur wields an uncursed shortbow of flaming.
It bursts into flame!
The centaur shoots an arrow.
You block the arrow.
You see here an arrow.
You hit FortKnight's ghost.
FortKnight's ghost is moderately damaged.
The centaur unwields an uncursed enchanted shortbow.
The centaur hits you but does no damage.
FortKnight's ghost hits you!
You die...
Xom is highly amused!

#.#..#...#..
#.#...._....# #....
...# .# .
#...###.###.#
..#....#...#..#
#.#...........#
#.#(..((.....#
#.#(.(....c^.#
#.........W@.#
#######.(######c###
...........# #...
#######.>#.# #>..#
.........#.# #...#
#######..#.####.###
#...###.#.########
#...'∩#..........#
#..####..........#


You could see 2 centaurs and FortKnight's ghost.

Vanquished Creatures
  An ugly thing (D:6)
  An ice beast (D:5)
  A necrophage (D:6)
  A phantom (D:5)
  A sky beast (D:7)
  2 ogres (D:6)
  2 centaurs
  A big kobold (D:5)
  An elf zombie (Ossuary)
  A bullfrog (D:6)
  2 scorpions
  A water moccasin skeleton (D:5)
  A bullfrog zombie (D:5)
  4 crimson imps
  2 howler monkeys
  2 centaur zombies (Ossuary)
  A hound (D:5)
  A centaur skeleton (D:7)
  An orc priest (D:6)
  A human zombie (Ossuary)
  6 orc wizards
  2 iguanas
  Natasha (twice) (D:3)
  4 worker ants
  A killer bee zombie (D:6)
  A big kobold zombie (Ossuary)
  2 mummies (Ossuary)
  10 adders
  5 gnolls
  2 oozes
  An adder zombie (Ossuary)
  A worm (D:4)
  A dart slug (D:2)
  5 leopard geckos
  18 orcs
  5 giant cockroaches
  9 goblins
  12 hobgoblins
  19 jackals
  7 kobolds
  5 quokkas
  3 ball pythons
  8 bats
  4 frilled lizards
  A giant cockroach zombie (D:6)
  2 goblin zombies (Ossuary)
  6 hobgoblin zombies (Ossuary)
  2 jackal zombies (Ossuary)
  13 kobold zombies (Ossuary)
  7 orc zombies (Ossuary)
  A quokka skeleton (D:6)
  6 rats
  A rat zombie (Ossuary)
200 creatures vanquished.

Vanquished Creatures (others)
  A hound (D:4)
  An orc (D:4)
  A giant cockroach (D:4)
3 creatures vanquished.

Grand Total: 203 creatures vanquished

Notes
Turn   | Place    | Note
-------+----------+-------------------------------------------
     0 | D:1      | Livsi the Human Fighter began the quest for the Orb.
     0 | D:1      | Reached XP level 1. HP: 18/18 MP: 1/1
   105 | D:1      | Reached XP level 2. HP: 24/24 MP: 2/2
   226 | D:1      | Reached XP level 3. HP: 29/29 MP: 3/3
   363 | D:1      | Gained mutation: You are robust. (+10% HP) [potion of mutation]
   363 | D:1      | Gained mutation: You are covered in fur. (AC +1) [potion of mutation]
   683 | D:2      | Found a glowing golden altar of the Shining One.
   736 | D:2      | Reached XP level 4. HP: 30/38 MP: 4/4
   773 | D:2      | Reached skill level 1 in Dodging
  1010 | D:2      | Found a stormy altar of Qazlal.
  1410 | D:2      | Reached XP level 5. HP: 45/45 MP: 5/5
  1417 | D:2      | Found an opulent altar of Gozag.
  1417 | D:2      | Found a glowing silver altar of Zin.
  1418 | D:2      | Reached skill level 3 in Long Blades
  1866 | D:3      | Found a snail-covered altar of Cheibriados.
  2108 | D:3      | Noticed Natasha
  2118 | D:3      | Killed Natasha
  2382 | D:3      | Noticed Natasha
  2400 | D:3      | Killed Natasha
  2400 | D:3      | Reached XP level 6. HP: 29/51 MP: 6/6
  2559 | D:4      | Found a shimmering altar of Xom.
  2811 | D:4      | Became a worshipper of Xom of Chaos
  2835 | D:4      | XOM: harmless Conj miscast
  2836 | D:4      | XOM: harmless Chrm miscast
  2905 | D:4      | XOM: silly message
  3016 | D:4      | XOM: cloud trail
  3024 | D:4      | Reached skill level 4 in Long Blades
  3027 | D:4      | Found a staircase to the Ecumenical Temple.
  3098 | D:4      | XOM: divination: magic mapping
  3105 | D:4      | Found a sand-covered staircase.
  3106 | D:4      | XOM: harmless Pois miscast
  3135 | Ossuary  | Entered an ossuary
  3271 | Ossuary  | Reached XP level 7. HP: 48/58 MP: 7/7
  3636 | Ossuary  | XOM: potion effect (might)
  3652 | Ossuary  | Reached skill level 5 in Long Blades
  3754 | D:4      | Found a white marble altar of Elyvilon.
  3927 | D:5      | Entered Level 5 of the Dungeon
  3996 | D:5      | Found a shattered altar of Ashenzari.
  4066 | D:5      | Reached skill level 5 in Shields
  4066 | D:5      | Reached XP level 8. HP: 66/66 MP: 8/8
  4165 | D:5      | Reached skill level 6 in Long Blades
  4168 | D:5      | Found a sacrificial altar of Ru.
  4553 | D:5      | Found an iron altar of Okawaru.
  4684 | D:5      | Found Judy's General Store.
  4850 | D:5      | XOM: cloud trail
  4932 | D:5      | XOM: god gift: 48 gold pieces
  5107 | D:5      | XOM: harmless Hex miscast
  5217 | D:6      | Noticed a purple ugly thing
  5240 | D:6      | Killed a purple ugly thing
  5240 | D:6      | Reached skill level 5 in Fighting
  5240 | D:6      | Reached skill level 7 in Long Blades
  5240 | D:6      | Reached skill level 5 in Armour
  5240 | D:6      | Reached XP level 9. HP: 50/74 MP: 9/9
  5669 | D:6      | Reached skill level 8 in Long Blades
  5819 | D:6      | Found a basalt altar of Yredelemnul.
  5846 | D:6      | XOM: god gift: 19 stones
  5992 | D:6      | XOM is BORED!
  5992 | D:6      | XOM: summons 1 hostile shadow creature
  6062 | D:6      | XOM: god gift: 24 sling bullets
  6165 | D:6      | XOM: cloud trail
  6310 | D:6      | XOM: scenery: 1 doors open, 2 doors close
  6489 | D:7      | Found Lepruef's Weapon Emporium.
  6741 | D:7      | XOM: cloud trail
  6836 | D:7      | Noticed FortKnight's ghost (novice TrBe)
  6844 | D:7      | Found a radiant altar of Vehumet.
  6848 | D:7      | HP: 3/74 [FortKnight's ghost (18)]
  6850 | D:7      | XOM: divination: detect items
  6855 | D:7      | Mangled by FortKnight's ghost

Skill      XL: |  1  2  3  4  5  6  7  8  9 |
---------------+----------------------------+-----
Dodging        | 1 2 |  2.1
Long Blades    | 3 4 5 7 8 |  8.7
Shields        | 4 5 6 |  6.7
Armour         | 4 5 |  5.7
Fighting       | 5 |  5.4
Stealth        | |  0.7

Action                   |  1- 3 |  4- 6 |  7- 9 || total
-------------------------+-------+-------+-------++-------
Melee: Long sword        |    69 |   307 |   344 ||   720
  Use: Potion            |     2 |     1 |     8 ||    11
       Scroll            |     3 |     8 |     4 ||    15
 Stab: Invisible         |       |       |     1 ||     1
  Eat: Ration            |       |     3 |     3 ||     6
Armor: Scale mail        |    40 |   144 |    25 ||   209
       Plate armour      |       |       |   131 ||   131
Dodge: Dodged            |    23 |   161 |   104 ||   288
Block: Shield            |    40 |   211 |   177 ||   428
       Rpst.: Long sword |     7 |    51 |    37 ||    95
